 Dungeon Crawl Stone Soup version 0.27-a0-416-gca2cecf3c0 (webtiles) character file.

Game seed: 8164677236264646391

3 dickylongcocking the Sneak (level 1, -1/16 HPs)
             Began as an Octopode Delver on Feb 25, 2021.
             Slain by a hound (6 damage)
             ... on level 4 of the Dungeon.
             The game lasted 00:00:05 (79 turns).

dickylongcocking the Sneak (Octopode Delver)          Turns: 79, Time: 00:00:05

Health: -1/16      AC:  1    Str: 11    XL:     1   Next: 50%
Magic:  1/1        EV: 13    Int: 12    God:
Gold:   0          SH:  0    Dex: 13    Spells: 0/0 levels left

rFire    . . .     SeeInvis .     - Unarmed
rCold    . . .     Faith    .   (no shield)
rNeg     . . .     Spirit   .   (helmet restricted)
rPois    .         Reflect  .   (no amulet)
rElec    .         Harm     .   (no ring)
rCorr    .         Rampage  .   (no ring)
Will     .....                  (no ring)
Stlth    ++++......             (no ring)
HPRegen  0.05/turn              (no ring)
MPRegen  0.07/turn              (no ring)
                                (no ring)
                                (no ring)

@: no status effects
A: almost no armour, stealthy swim, amphibious, 8 rings, constrict 8, camouflage
1, gelatinous body 1
a: no special abilities


You were on level 4 of the Dungeon.
You visited 1 branch of the dungeon, and saw 2 of its levels.

Inventory:

Wands
 e - a wand of digging (3)
Scrolls
 a - a scroll of fog
 b - a scroll of magic mapping
 c - a scroll of fear
Potions
 d - a potion of haste


   Skills:
 - Level 3.0 Fighting
 - Level 2.0 Dodging
 - Level 6.6 Stealth
 * Level 2.3 Unarmed Combat


You couldn't memorise any spells.
You didn't know any spells.
Your spell library contained the following spells:

 Spells                   Type           Power        Failure   Level
 Summon Small Mammal      Summ           0%           32%         1
 Call Imp                 Summ           0%           45%         2
 Call Canine Familiar     Summ           0%           69%         3
 Summon Guardian Golem    Hex/Summ       0%           69%         3
 Summon Ice Beast         Ice/Summ       0%           97%         4
 Summon Lightning Spire   Summ/Air       0%           97%         4


Dungeon Overview and Level Annotations

Branches:
Dungeon (5/15)
 Temple: D:4-7

Altars:


Innate Abilities, Weirdness & Mutations

You cannot wear most types of armour.
You are very stealthy in the water. (Stealth+)
You are amphibious.
You can wear up to eight rings at the same time.
You can use your tentacles to constrict eight enemies at once.
Your skin changes colour to match your surroundings (Stealth+).
Your rubbery body absorbs attacks. (AC +1, EV +1)


Message History

You climb upwards.
A worm comes into view.
There is a stone staircase leading down here.
Unknown command.
The helpless worm fails to defend itself.
You tentacle-slap the worm. You grab the worm.
The worm is lightly wounded.
You constrict the worm. You tentacle-slap the worm.
The worm is moderately wounded.
You constrict the worm. The worm closely misses you.
You tentacle-slap the worm.
The worm is moderately wounded.
You constrict the worm. You tentacle-slap the worm.
The worm is severely wounded.
You constrict the worm. The worm bites you but does no damage.
You tentacle-slap the worm.
You kill the worm!
You see here a worm corpse.
A hound and a skeleton come into view.
There are monsters nearby!
The hound closely misses you. The hound misses you.
There are monsters nearby!
You barely miss the hound. You grab the hound. You squeeze the hound.
The hound is lightly wounded.
You constrict the hound. The hound bites you.
You barely miss the hound.
The hound is lightly wounded.
You constrict the hound, but do no damage.
The hound barely misses you.
You tentacle-slap the hound. You squeeze the hound.
The hound is severely wounded.
You constrict the hound, but do no damage.
The hound bites you. x2
You tentacle-slap the hound.
The hound is severely wounded.
You constrict the hound, but do no damage.
The hound bites you.
You die...

#..
....#.#####
#.....Zh@.#
#.###.###.#
..##... #.#
#.##..######.#
#.##..##.....#
#.....##.#####
#.##.#...##
#..#.#....#
#..#.####.#


You could see a hound and a centaur skeleton.

Vanquished Creatures
  A worm (D:4)
1 creature vanquished.

Notes
Turn   | Place    | Note
-------+----------+-------------------------------------------
     0 | D:5      | dickylongcocking the Octopode Delver began the quest for
                  | the Orb.
     0 | D:5      | Reached XP level 1. HP: 16/16 MP: 1/1
    74 | D:4      | Noticed a hound
    79 | D:4      | Slain by a hound

Illustrated notes

Levels and vault maps discovered:
D:4:      lemuel_castle_with_subvaults [lemuel_castle_interior_carwin_1],
          layout_basic, xom_redecorated, uniq_ijyb, uniq_eustachio
D:5:      layout_gridville, old_standard_altar, general_overflow_altar

Action                   || total
-------------------------++-------
Melee: Unarmed           ||     9
       Constrict         ||     2
       Tentacles         ||     2
 Stab: Sleeping          ||     1
Armor: Skin              ||     1
Dodge: Dodged            ||     4

Table legend: (Time is in decaauts)
 A = Elapsed time spent in this place.
 B = Non-inter-level travel time spent in this place.
 C = Inter-level travel time spent in this place.
 D = Time resting spent in this place.
 E = Time spent auto-exploring this place.
 F = Levels seen in this place.
 G = Mean time per level.
                   A        B        C        D        E       F      G
               +--------+--------+--------+--------+--------+-----+--------+
         Total |     78 |     70 |      8 |      0 |     59 |   2 |   39.0 |
       Dungeon |     78 |     70 |      8 |      0 |     59 |   2 |   39.0 |
               +--------+--------+--------+--------+--------+-----+--------+

Top non-repeatable levels by time:
     D:4: 48 daAuts
     D:5: 30 daAuts
